 Dungeon Crawl Stone Soup version 0.31.0 (webtiles) character file.

Game seed: 1549195211684911395

220 qw the Shooter (level 5, -5/33 HPs)
             Began as a Gargoyle Hunter on Jan 20, 2024.
             Slain by an ogre
             ... wielding a +0 giant club
              (30 damage)
             ... on level 4 of the Dungeon.
             The game lasted 00:00:14 (3220 turns).

qw the Shooter (Gargoyle Hunter)                    Turns: 3220, Time: 00:00:14

Health: -5/33      AC: 13    Str: 14    XL:     5   Next: 97%
Magic:  5/5        EV: 11    Int: 10    God:
Gold:   171        SH:  0    Dex: 15    Spells: 4/4 levels left

rFire   . . .        a - +0 shortbow
rCold   . . .        (shield currently unavailable)
rNeg    + . .        g - +0 ring mail
rPois   inf          (no helmet)
rElec   +            (no cloak)
rCorr   .            (no gloves)
SInv    .            (no boots)
Will    .....        (no amulet)
Stlth   +            d - +4 ring of protection
HPRegen 0.25/turn    (no ring)
MPRegen 0.09/turn

%: no passive effects
@: no status effects
A: sickness immunity, AC +4, negative energy resistance 1, electricity
resistance, torment resistance 1, petrification resistance
a: no special abilities


You were on level 4 of the Dungeon.
You visited 1 branch of the dungeon, and saw 4 of its levels.

You collected 171 gold pieces.


Innate Abilities, Weirdness & Mutations

You are immune to sickness and miasma.
Your stone body is resilient. (AC +4)
You are immune to poison.
You resist negative energy. (rN+)
You are resistant to electric shocks. (rElec)
You are resistant to unholy torment.
You are immune to petrification.


   Skills:
 - Level 4.0 Fighting
 + Level 6.0 Ranged Weapons
 - Level 1.3 Armour
 - Level 1.5 Dodging
 - Level 1.1 Stealth


You had 4 spell levels left.
You didn't know any spells.
Your spell library was empty.

Inventory:

Hand Weapons
 a - a +0 shortbow (weapon)
Armour
 g - a +0 ring mail (worn)
Jewellery
 d - a +4 ring of protection (left hand)
 k - a ring of ice
Scrolls
 j - a scroll of teleportation
Potions
 b - a potion of attraction {unknown}
 c - 3 potions of curing
 e - a potion of ambrosia {unknown}
 f - 2 potions of heal wounds
 h - 2 potions of haste
 i - a potion of lignification {unknown}
 l - 2 potions of enlightenment

Dungeon Overview and Level Annotations

Branches:
Dungeon (4/15)
 Temple: D:4-7

Altars:
Makhleb
Uskayaw

Shops:
D:3 =


Message History

The sleepcap is almost destroyed.
The sleepcap releases spores at you!
The sleepcap releases spores at you but does no damage.
You shoot an arrow. The arrow hits the sleepcap.
You destroy the sleepcap!
Your Fighting skill increases to level 4!
3129 ||| FLEEEEING.
There is a stone staircase leading up here.
3130 ||| STAIRDANCE You climb upwards.
There is a stone staircase leading down here.
You enter the shallow water.
Moving in this stuff is going to be slow.
You start resting.
HP restored.
Done exploring.
What level of the Dungeon? (default 4, ? - help)
There is a stone staircase leading down here.
You climb downwards.
There is a stone staircase leading up here.
Found a ring mail.
Found a leather armour and a falchion.
Found a robe, 3 poisoned darts and a quarterstaff.
Found 4 boomerangs.
An ogre comes into view. It is wielding a +0 giant club.
An ogre is nearby!
An ogre is nearby!
Enter note:
Enter note: You shoot an arrow.
The arrow hits the ogre.
The ogre is lightly wounded.
You shoot an arrow. The arrow hits the ogre.
The ogre is lightly wounded.
The ogre hits you with a +0 giant club!
You shoot an arrow.
The arrow hits the ogre but does no damage.
The ogre is lightly wounded.
The ogre hits you with a +0 giant club!!
Ouch! That really hurt!
You die...

#.### #.#.##
#..........#
#....####..........##.
#.......+...#####....
##.<.####...#?(?#..#
###..#####..#[()#..#
........##..#[)$#..#
.###.##.##..#####O.#
.#...##.##......@..#
......#.##.........#
.#.##.#.#####.######
........# ###.##
##.##(#####....##
##..............#
#####.######...##
......# ##.....[
####### #######


You could see an ogre.

Vanquished Creatures
  A sleepcap (D:4)
  An iguana (D:4)
  Terence (D:3)
  4 gnolls (D:2)
  5 adders
  3 dart slugs
  2 ribbon worms
  2 bats
  2 endoplasms
  5 hobgoblins
  4 quokkas
  5 ball pythons
  4 frilled lizards
  2 goblins
  6 kobolds
  10 rats
57 creatures vanquished.

Notes
Turn   | Place    | Note
-------+----------+-------------------------------------------
     0 | D:1      | qw the Gargoyle Hunter began the quest for the Orb.
     0 | D:1      | Reached XP level 1. HP: 12/12 MP: 1/1
     0 | D:1      | 0 ||| qw: Version: 0.3-a-132-g3d54051
     0 | D:1      | 0 ||| qw: Game counter: 458
     0 | D:1      | 0 ||| qw: Melee chars always use a shield: true
     0 | D:1      | 0 ||| qw: God list: Okawaru
     0 | D:1      | 0 ||| qw: Allow faded altars: false
     0 | D:1      | 0 ||| qw: Do Orc after clearing Dungeon:15 true
     0 | D:1      | 0 ||| qw: Do second Lair branch before Depths: true
     0 | D:1      | 0 ||| qw: Lair rune preference: random
     0 | D:1      | 0 ||| qw: Goals: Normal
     0 | D:1      | 0 ||| PLANNING D:1-11
   340 | D:1      | Reached XP level 2. HP: 8/17 MP: 2/2
   622 | D:1      | 622 ||| UPGRADING to +0 ring mail.
   632 | D:1      | 632 ||| DROPPING +0 leather armour.
   633 | D:1      | 633 ||| READING scroll labelled CEPSYUL PORIA.
   734 | D:1      | 734 ||| DRINKING 2 golden potions.
   735 | D:1      | 735 ||| DROPPING scroll of butterflies.
   792 | D:2      | Reached skill level 1 in Armour
   836 | D:2      | Reached XP level 3. HP: 21/21 MP: 3/3
   844 | D:2      | 844 ||| FLEEEEING.
   894 | D:2      | Identified the +1 mace of Xom {venom, rElec Str+2}
   924 | D:2      | Reached skill level 5 in Ranged Weapons
  1188 | D:2      | Reached XP level 4. HP: 27/27 MP: 4/4
  1223 | D:2      | Reached skill level 3 in Fighting
  1223 | D:2      | 1223 ||| FLEEEEING.
  1302 | D:2      | 1302 ||| FLEEEEING.
  1719 | D:2      | 1719 ||| READING scroll labelled EMACOZ UNTIH IKO.
  1720 | D:2      | 1720 ||| READING scroll labelled BEOKLEH SAMAPS.
  1721 | D:2      | 1721 ||| FLEEEEING.
  1723 | D:2      | 1723 ||| STAIRDANCE
  1884 | D:3      | Noticed Terence
  1896 | D:3      | Killed Terence
  1897 | D:3      | Reached XP level 5. HP: 11/32 MP: 5/5
  2282 | D:3      | Found a faded altar of an unknown god.
  2422 | D:3      | Found Yfrofewo's Jewellery Shoppe.
  2428 | D:3      | 2428 ||| SHOPLISTING +4 ring of slaying (1014 gold, have
                  | 139).
  2428 | D:3      | 2428 ||| SHOPLISTING amulet of Var Huitt {Faith rF+ Str+2
                  | Int-4} (647 gold, have 139).
  2428 | D:3      | 2428 ||| SHOPLISTING amulet of faith (520 gold, have 139).
  2428 | D:3      | 2428 ||| SHOPLISTING amulet of reflection (390 gold, have
                  | 139).
  2428 | D:3      | 2428 ||| SHOPLISTING amulet of the acrobat (390 gold, have
                  | 139).
  2428 | D:3      | 2428 ||| SHOPLISTING ring of Tetwai Jagea {Fly rC++ Str+6}
                  | (813 gold, have 139).
  2428 | D:3      | 2428 ||| SHOPLISTING ring of the Final Decision {rC++ MP+9
                  | EV+5 Str-5} (895 gold, have 139).
  2676 | D:3      | 2676 ||| UPGRADING to +4 ring of protection.
  2677 | D:3      | 2677 ||| READING 2 scrolls labelled QOAHUE NUORPHI.
  2678 | D:3      | 2678 ||| FLEEEEING.
  2682 | D:3      | 2682 ||| DRINKING 3 fuming coppery potions.
  2683 | D:3      | 2683 ||| DRINKING 3 fuming dark potions.
  2684 | D:3      | 2684 ||| DRINKING 2 bubbling ruby potions.
  2685 | D:3      | 2685 ||| DRINKING 2 viscous brown potions.
  2686 | D:3      | 2686 ||| DROPPING potion of brilliance.
  2738 | D:4      | Found a hide-covered altar of Uskayaw.
  2807 | D:4      | Identified the +4 hand axe of Vukk {freeze, *Corrode Fly
                  | Will+ SInv}
  2849 | D:4      | Reached skill level 6 in Ranged Weapons
  2874 | D:4      | Found a burning altar of Makhleb.
  3057 | D:4      | 3057 ||| FLEEEEING.
  3129 | D:4      | 3129 ||| FLEEEEING.
  3130 | D:4      | 3130 ||| STAIRDANCE
  3214 | D:4      | Noticed an ogre
  3220 | D:4      | Slain by an ogre

Levels and vault maps discovered:
D:1:      roderic_crop_circles_arrival_small, layout_basic
D:2:      wad_woods_settlement, layout_basic, serial_bayou_pond_d
D:3:      wander_river, layout_loops_ring, ebering_ecumenical_altar_hall,
          serial_shops, nicolae_shop_rolling_square, minivault_27, uniq_terence
D:4:      layout_loops_corners, kennysheep_mini,
          nicolae_uskayaw_murder_on_the_dancefloor,
          minmay_temple_entry_nine_rooms, due_unseen_surprise

Skill      XL: |  1  2  3  4  5 |
---------------+----------------+-----
Armour         | 1 |  1.3
Ranged Weapons | 5 6 |  6.0
Fighting       | 3 4 |  4.0
Dodging        | |  1.5
Stealth        | |  1.1

Action                     |  1- 3 |  4- 6 || total
---------------------------+-------+-------++-------
   Fire: Shortbow          |    97 |   125 ||   222
    Use: Scroll            |     1 |     3 ||     4
         Potion            |     1 |     4 ||     5
 Armour: Leather armour    |     7 |       ||     7
         Ring mail         |    21 |    62 ||    83
  Dodge: Dodged            |    26 |    50 ||    76

Table legend:
 A = Non-vault XP
 B = Vault XP
 C = Vault XP percentage of total XP
 D = Non-vault monster count
 E = Vault monster count
 F = Vault count percentage of total count
                 A         B        C        D         E       F
            +---------+---------+-------+---------+---------+-------
      Total |     218 |      97 |  30.8 |      49 |       8 |  14.0
            +---------+---------+-------+---------+---------+-------
        D:1 |      16 |       0 |   0.0 |      13 |       0 |   0.0
        D:2 |      43 |      61 |  58.7 |      17 |       7 |  29.2
        D:3 |      65 |      36 |  35.6 |      12 |       1 |   7.7
        D:4 |      94 |       0 |   0.0 |       7 |       0 |   0.0
            +---------+---------+-------+---------+---------+-------
